Workbook

Sheet Board mileage-master
A1: Erie County Technical School
A2: Expense Reimbursement Request Form
A4: Name:
A5: District:
E7: Budget Acct: | F7: 10-2310-581
A8: Particulars | D8: Automobile | F8: Other Expenses | G8: Total
A9: Date | B9: Destination | C9: Purpose/Contact | D9: Miles | E9: 0.555 | F9: Amount | G9: Expenses
A11: 39318 | B11: Operating Committee Meeting | D11: 0 | E11: =D11*0.36 -> 0 | F11: 0 | G11: =SUM(E11:F11) -> 0
B13: Please enter all other meetings attended
B14: and any travel related expenses incurred
B15: for which you request reimbursement.
A24: Totals | D24: =SUM(D10:D23) -> 0 | E24: =SUM(E10:E23) -> 0 | F24: =SUM(F10:F23) -> 0 | G24: =SUM(G10:G23) -> 0
B26: I certify the above expenses are true and accurate:
B28: Signature
B32: Please make check payable to Erie County Vocational Technical Foundation
B34: Signature

Sheet Fairview
A1: Erie County Technical School
A2: Expense Reimbursement Request Form
A4: Name: | B4: Andrew Foyle | C4: 8330 Keefer Rd, Fairview, PA 16417
A5: District: | B5: Fairview School District
E7: Budget Acct: 10-2310-581
A8: Particulars | D8: Automobile | F8: Other Expenses | G8: Total
A9: Date | B9: Destination | C9: Purpose/Contact | D9: Miles | E9: ='Board mileage-master'!E9 -> 0.555 | F9: Amount | G9: Expenses
A11: ='Board mileage-master'!A11 -> 39318 | B11: Operating Committee Meeting | D11: 25 | E11: =E9*D11 -> 13.875 | F11: 0 | G11: =SUM(E11:F11) -> 13.875
B13: ='Board mileage-master'!B13:B15 -> Please enter all other meetings attended
B14: ='Board mileage-master'!B14 -> and any travel related expenses incurred
B15: ='Board mileage-master'!B15 -> for which you request reimbursement.
A28: Totals | D28: =SUM(D10:D27) -> 25 | E28: =SUM(E10:E27) -> 13.875 | F28: =SUM(F10:F27) -> 0 | G28: =SUM(G10:G27) -> 13.875
B30: I certify the above expenses are true and accurate:
B32: Signature
B35: Please make check payable to Erie County Vocational Technical Foundation
B37: Signature

Sheet Fort LeBoeuf
A1: Erie County Technical School
A2: Expense Reimbursement Request Form
A4: Name: | B4: Mr. John Ogden | C4: 358 Circuit St, Waterford, PA 16441
A5: District: | B5: Fort Leboeuf School District
E7: Budget Acct: 10-2310-581
A8: Particulars | D8: Automobile | F8: Other Expenses | G8: Total
A9: Date | B9: Destination | C9: Purpose/Contact | D9: Miles | E9: ='Board mileage-master'!E9 -> 0.555 | F9: Amount | G9: Expenses
A11: ='Board mileage-master'!A11 -> 39318 | B11: Operating Committee Meeting | D11: 18 | E11: =E9*D11 -> 9.99 | F11: 0 | G11: =SUM(E11:F11) -> 9.99
B13: ='Board mileage-master'!B13:B15 -> Please enter all other meetings attended
B14: ='Board mileage-master'!B14 -> and any travel related expenses incurred
B15: ='Board mileage-master'!B15 -> for which you request reimbursement.
A22: Totals | D22: =SUM(D10:D21) -> 18 | E22: =SUM(E10:E21) -> 9.99 | F22: =SUM(F10:F21) -> 0 | G22: =SUM(G10:G21) -> 9.99
B24: I certify the above expenses are true and accurate:
B26: Signature
B29: Please make check payable to Erie County Vocational Technical Foundation
B31: Signature

Sheet General McLane
A1: Erie County Technical School
A2: Expense Reimbursement Request Form
A4: Name: | B4: James Bucksbee | C4: 5187 W. West Rd, McKean, PA 16426
A5: District: | B5: General McLane School District
E7: Budget Acct: 10-2310-581
A8: Particulars | D8: Automobile | F8: Other Expenses | G8: Total
A9: Date | B9: Destination | C9: Purpose/Contact | D9: Miles | E9: ='Board mileage-master'!E9 -> 0.555 | F9: Amount | G9: Expenses
A11: ='Board mileage-master'!A11 -> 39318 | B11: Operating Committee Meeting | D11: 8 | E11: =E9*D11 -> 4.44 | F11: 0 | G11: =SUM(E11:F11) -> 4.44
B13: ='Board mileage-master'!B13:B15 -> Please enter all other meetings attended
B14: ='Board mileage-master'!B14 -> and any travel related expenses incurred
B15: ='Board mileage-master'!B15 -> for which you request reimbursement.
A16: 39284 | B16: Agenda review with Director | D16: 8 | E16: =D16*E9 -> 4.44 | G16: =SUM(E16:F16) -> 4.44
A17: 39312 | B17: Agenda review with Director | D17: 8 | E17: =D17*E9 -> 4.44 | G17: =SUM(E17:F17) -> 4.44
A19: 39298 | B19: Director evaluation | D19: 8 | E19: =D19*E9 -> 4.44 | G19: =SUM(E19:F19) -> 4.44
A26: Totals | D26: =SUM(D10:D25) -> 32 | E26: =SUM(E10:E25) -> 17.76 | F26: =SUM(F10:F25) -> 0 | G26: =SUM(G10:G25) -> 17.76
B28: I certify the above expenses are true and accurate:
B30: Signature
B32: Please make check payable to Erie County Vocational Technical Foundation
B34: Signature

Sheet Girard
A1: Erie County Technical School
A2: Expense Reimbursement Request Form
A4: Name: | B4: Mr. Robert Heath | C4: 708 Richardson Dr, Lake City, PA 16423
A5: District: | B5: Girard School District
E7: Budget Acct: 10-2310-581
A8: Particulars | D8: Automobile | F8: Other Expenses | G8: Total
A9: Date | B9: Destination | C9: Purpose/Contact | D9: Miles | E9: ='Board mileage-master'!E9 -> 0.555 | F9: Amount | G9: Expenses
A11: ='Board mileage-master'!A11 -> 39318 | B11: Operating Committee Meeting | D11: =18.67*2 -> 37.34 | E11: =E9*D11 -> 20.7237 | F11: 0 | G11: =SUM(E11:F11) -> 20.7237
B13: ='Board mileage-master'!B13:B15 -> Please enter all other meetings attended
B14: ='Board mileage-master'!B14 -> and any travel related expenses incurred
B15: ='Board mileage-master'!B15 -> for which you request reimbursement.
A23: Totals | D23: =SUM(D10:D22) -> 37.34 | E23: =SUM(E10:E22) -> 20.7237 | F23: =SUM(F10:F22) -> 0 | G23: =SUM(G10:G22) -> 20.7237
B25: I certify the above expenses are true and accurate:
B27: Signature
B30: Please make check payable to Erie County Vocational Technical Foundation
B32: Signature

Sheet Harbor Creek
A1: Erie County Technical School
A2: Expense Reimbursement Request Form
A4: Name: | B4: Barbara Gainer | C4: 3878 Davison Rd, Harbor Creek, PA 16421
A5: District: | B5: Harbor Creek School District
E7: Budget Acct: 10-2310-581
A8: Particulars | D8: Automobile | F8: Other Expenses | G8: Total
A9: Date | B9: Destination | C9: Purpose/Contact | D9: Miles | E9: ='Board mileage-master'!E9 -> 0.555 | F9: Amount | G9: Expenses
A11: ='Board mileage-master'!A11 -> 39318 | B11: Operating Committee Meeting | D11: =12.53*2 -> 25.06 | E11: =E9*D11 -> 13.9083 | F11: 0 | G11: =SUM(E11:F11) -> 13.9083
B13: ='Board mileage-master'!B13:B15 -> Please enter all other meetings attended
B14: ='Board mileage-master'!B14 -> and any travel related expenses incurred
B15: ='Board mileage-master'!B15 -> for which you request reimbursement.
A22: Totals | D22: =SUM(D10:D21) -> 25.06 | E22: =SUM(E10:E21) -> 13.9083 | F22: =SUM(F10:F21) -> 0 | G22: =SUM(G10:G21) -> 13.9083
B24: I certify the above expenses are true and accurate:
B26: Signature
B29: Please make check payable to Erie County Vocational Technical Foundation
B31: Signature

Sheet Iroquois
A1: Erie County Technical School
A2: Expense Reimbursement Request Form
A4: Name: | B4: Brian Rogala | C4: 2705 Groveland Ave, Erie, PA 16510
A5: District: | B5: Iroquois School District
E7: Budget Acct: 10-2310-581
A8: Particulars | D8: Automobile | F8: Other Expenses | G8: Total
A9: Date | B9: Destination | C9: Purpose/Contact | D9: Miles | E9: ='Board mileage-master'!E9 -> 0.555 | F9: Amount | G9: Expenses
A11: ='Board mileage-master'!A11 -> 39318 | B11: Operating Committee Meeting | D11: 25 | E11: =E9*D11 -> 13.875 | F11: 0 | G11: =SUM(E11:F11) -> 13.875
B13: ='Board mileage-master'!B13:B15 -> Please enter all other meetings attended
B14: ='Board mileage-master'!B14 -> and any travel related expenses incurred
B15: ='Board mileage-master'!B15 -> for which you request reimbursement.
E21: =D21*0.36 -> 0
A22: Totals | D22: =SUM(D10:D21) -> 25 | E22: =SUM(E10:E21) -> 13.875 | F22: =SUM(F10:F21) -> 0 | G22: =SUM(G10:G21) -> 13.875
B24: I certify the above expenses are true and accurate:
B26: Signature
B29: Please make check payable to Erie County Vocational Technical Foundation
B31: Signature

Sheet Millcreek
A1: Erie County Technical School
A2: Expense Reimbursement Request Form
A4: Name: | B4: Terry Scutella | C4: 4055 W 30th St, Erie, PA 16506
A5: District: | B5: Millcreek Township School District
E7: Budget Acct: 10-2310-581
A8: Particulars | D8: Automobile | F8: Other Expenses | G8: Total
A9: Date | B9: Destination | C9: Purpose/Contact | D9: Miles | E9: ='Board mileage-master'!E9 -> 0.555 | F9: Amount | G9: Expenses
A11: ='Board mileage-master'!A11 -> 39318 | B11: Operating Committee Meeting | D11: 12 | E11: =E9*D11 -> 6.66 | F11: 0 | G11: =SUM(E11:F11) -> 6.66
B13: ='Board mileage-master'!B13:B15 -> Please enter all other meetings attended
B14: ='Board mileage-master'!B14 -> and any travel related expenses incurred
B15: ='Board mileage-master'!B15 -> for which you request reimbursement.
E21: =D21*0.36 -> 0
A22: Totals | D22: =SUM(D10:D21) -> 12 | E22: =SUM(E10:E21) -> 6.66 | F22: =SUM(F10:F21) -> 0 | G22: =SUM(G10:G21) -> 6.66
B24: I certify the above expenses are true and accurate:
B26: Signature
B29: Please make check payable to Erie County Vocational Technical Foundation
B31: Signature

Sheet Northwestern 
A1: Erie County Technical School
A2: Expense Reimbursement Request Form
A4: Name: | B4: Sam Ring | C4: PO Box 85, East Springfield, PA 16411
A5: District: | B5: Northwestern School District
E7: Budget Acct: 10-2310-581
A8: Particulars | D8: Automobile | F8: Other Expenses | G8: Total
A9: Date | B9: Destination | C9: Purpose/Contact | D9: Miles | E9: ='Board mileage-master'!E9 -> 0.555 | F9: Amount | G9: Expenses
A11: ='Board mileage-master'!A11 -> 39318 | B11: Operating Committee Meeting | D11: =24.36*2 -> 48.72 | E11: =E9*D11 -> 27.0396 | F11: 0 | G11: =SUM(E11:F11) -> 27.0396
B13: ='Board mileage-master'!B13:B15 -> Please enter all other meetings attended
B14: ='Board mileage-master'!B14 -> and any travel related expenses incurred
B15: ='Board mileage-master'!B15 -> for which you request reimbursement.
A24: Totals | D24: =SUM(D10:D23) -> 48.72 | E24: =SUM(E10:E23) -> 27.0396 | F24: =SUM(F10:F23) -> 0 | G24: =SUM(G10:G23) -> 27.0396
B26: I certify the above expenses are true and accurate:
B28: Signature
B31: Please make check payable to Erie County Vocational Technical Foundation
B33: Signature

Sheet Union City
A1: Erie County Technical School
A2: Expense Reimbursement Request Form
A4: Name: | B4: Loretta Price | C4: 9869 Route 6, Union City, PA 16438
A5: District: | B5: Union City Area School District
E7: Budget Acct: 10-2310-581
A8: Particulars | D8: Automobile | F8: Other Expenses | G8: Total
A9: Date | B9: Destination | C9: Purpose/Contact | D9: Miles | E9: ='Board mileage-master'!E9 -> 0.555 | F9: Amount | G9: Expenses
A11: ='Board mileage-master'!A11 -> 39318 | B11: Operating Committee Meeting | D11: =26.76*2 -> 53.52 | E11: =E9*D11 -> 29.7036 | F11: 0 | G11: =SUM(E11:F11) -> 29.7036
B13: ='Board mileage-master'!B13:B15 -> Please enter all other meetings attended
B14: ='Board mileage-master'!B14 -> and any travel related expenses incurred
B15: ='Board mileage-master'!B15 -> for which you request reimbursement.
A23: Totals | D23: =SUM(D10:D22) -> 53.52 | E23: =SUM(E10:E22) -> 29.7036 | F23: =SUM(F10:F22) -> 0 | G23: =SUM(G10:G22) -> 29.7036
B25: I certify the above expenses are true and accurate:
B27: Signature
B30: Please make check payable to Erie County Vocational Technical Foundation
B32: Signature

Sheet Wattsburg
A1: Erie County Technical School
A2: Expense Reimbursement Request Form
A4: Name: | B4: Mr. Eric Duda | C4: 9165 Townhall Rd, Wattsburg, PA 16442
A5: District: | B5: Wattsburg Area School District
E7: Budget Acct: 10-2310-581
A8: Particulars | D8: Automobile | F8: Other Expenses | G8: Total
A9: Date | B9: Destination | C9: Purpose/Contact | D9: Miles | E9: ='Board mileage-master'!E9 -> 0.555 | F9: Amount | G9: Expenses
A11: ='Board mileage-master'!A11 -> 39318 | B11: Operating Committee Meeting | D11: 38 | E11: =E9*D11 -> 21.09 | F11: 0 | G11: =SUM(E11:F11) -> 21.09
B13: ='Board mileage-master'!B13:B15 -> Please enter all other meetings attended
B14: ='Board mileage-master'!B14 -> and any travel related expenses incurred
B15: ='Board mileage-master'!B15 -> for which you request reimbursement.
A22: Totals | D22: =SUM(D10:D21) -> 38 | E22: =SUM(E10:E21) -> 21.09 | F22: =SUM(F10:F21) -> 0 | G22: =SUM(G10:G21) -> 21.09
B24: I certify the above expenses are true and accurate:
B26: Signature
B30: Please make check payable to Erie County Vocational Technical Foundation
B32: Signature

Sheet Superintendent
A1: Erie County Technical School
A2: Expense Reimbursement Request Form
A4: Name: | B4: Dr. James Tracy
A5: District: | B5: Girard School District | D5: 1100 Rice Ave, Girard, PA 16417
E7: Budget Acct: 10-2310-581
A8: Particulars | D8: Automobile | F8: Other Expenses | G8: Total
A9: Date | B9: Destination | C9: Purpose/Contact | D9: Miles | E9: ='Board mileage-master'!E9 -> 0.555 | F9: Amount | G9: Expenses
A11: ='Board mileage-master'!A11 -> 39318 | B11: Operating Committee Meeting | D11: =14.23*2 -> 28.46 | E11: =D11*E9 -> 15.7953 | F11: 0 | G11: =SUM(E11:F11) -> 15.7953
A20: Totals | D20: =SUM(D10:D19) -> 28.46 | E20: =SUM(E10:E19) -> 15.7953 | F20: =SUM(F10:F19) -> 0 | G20: =SUM(G10:G19) -> 15.7953
B22: I certify the above expenses are true and accurate:
B24: Signature
B28: Please make check payable to Erie County Vocational Technical Foundation
B30: Signature
